 Dungeon Crawl Stone Soup version 0.26.1-10-gdfb7c7de75 (webtiles) character file.

Game seed: 12760341319952585643

144 oldmanjim the Ruffian (level 5, 0/45 HPs)
             Began as a Draconian Transmuter on Apr 8, 2021.
             Slain by a giant cockroach (1 damage)
             ... on level 3 of the Dungeon.
             The game lasted 00:11:54 (3253 turns).

oldmanjim the Ruffian (Draconian Transmuter)        Turns: 3253, Time: 00:11:54

Health: 0/45       AC:  6    Str: 13    XL:     5   Next: 5%
Magic:  7/8        EV: 12    Int: 14    God:
Gold:   74         SH:  0    Dex: 11    Spells: 4/8 levels left

rFire    . . .     SeeInvis .     - Unarmed
rCold    . . .     Faith    .   (no shield)
rNeg     . . .     Spirit   .   (armour unavailable)
rPois    .         Reflect  .   (helmet restricted)
rElec    .         Harm     .   d - +0 cloak
rCorr    .         Rampage  .   (no gloves)
Will     .....                  (no boots)
Stlth    +.........             (no amulet)
HPRegen  0.15/turn              (no ring)
MPRegen  0.11/turn              (no ring)

@: very slightly contaminated
A: unfitting armour, cold-blooded, AC +5
a: no special abilities


You were on level 3 of the Dungeon.
You visited 1 branch of the dungeon, and saw 3 of its levels.

You collected 74 gold pieces.

Inventory:

Missiles
 b - 71 stones (quivered)
 h - 8 curare-tipped darts
 l - 6 poisoned darts
 m - 23 sling bullets
Armour
 d - a +0 cloak (worn)
Jewellery
 g - an uncursed ring of poison resistance {unknown}
Scrolls
 a - a scroll of fear {unknown}
 e - a scroll of amnesia {unknown}
 f - 4 scrolls of identify {unknown}
 j - 2 scrolls of teleportation {unknown}
 k - a scroll of immolation {unknown}
Potions
 c - 2 potions of heal wounds {unknown}
 i - a potion of curing {unknown}


   Skills:
 - Level 3.0 Fighting
 - Level 1.7 Dodging
 - Level 4.0 Unarmed Combat
 - Level 2.0 Spellcasting
 + Level 3.4 Transmutations
 + Level 1.1 Poison Magic


You had 4 spell levels left.
You knew the following spells:

 Your Spells              Type           Power        Failure   Level
a - Beastly Appendage     Tmut           22%          6%          1
b - Spider Form           Tmut/Pois      3%           28%         3

Your spell library contained the following spells:

 Spells                   Type           Power        Failure   Level
 Wereblood                Tmut           11%          9%          2
 Ice Form                 Ice/Tmut       6%           75%         4
 Blade Hands              Tmut           5%           85%         5


Dungeon Overview and Level Annotations

Branches:
Dungeon (3/15)

Altars:
Nemelex Xobeh


Innate Abilities, Weirdness & Mutations

Your plain brown scales are hard. (AC +5)
You cannot fit into any form of body armour.
You are cold-blooded and may be slowed by cold attacks.


Message History

The centaur shoots an arrow.
The arrow hits you!
You see here an arrow.
The centaur shoots an arrow.
The arrow barely misses you.
Found an escape hatch in the ceiling.
The centaur shoots an arrow.
The arrow hits you.
You see here an arrow.
The centaur shoots an arrow.
The arrow closely misses you.
The centaur shoots an arrow.
The arrow hits you!
* * * LOW HITPOINT WARNING * * *
Your horns disappear.
Your talons disappear.
The giant cockroach barely misses you. x2
Casting: Beastly Appendage (safe; 6% risk of failure)
Confirm with . or Enter, or press ? or * to list all spells.
You miscast Beastly Appendage.
You are very lightly contaminated with residual magic.
Nothing appears to happen.
The centaur unwields a +0 shortbow.
The centaur hits you.
* * * LOW HITPOINT WARNING * * *
The giant cockroach bites you.
You die...

# $.. .....#.# ### #
#.#. ..#..#.# .# # ...
B....#.##.### # #
#..#c...#w..<..# #
#.##.#... #.#.# #
...... #.#.####
.####[#.#######......#
<..........c.(.......#
#!###.#....B@..(.⌠...#
# ########.(_....#
##⌠.⌠.### ##...# ####


You could see a centaur and a giant cockroach.

Vanquished Creatures
  Natasha (thrice) (D:2)
  2 adders (D:2)
  A dart slug (D:2)
  2 leopard geckos
  2 ball pythons (D:2)
  5 bats
  A giant cockroach (D:2)
  8 hobgoblins
  3 jackals (D:2)
  3 kobolds
  A quokka (D:2)
  5 frilled lizards
  8 goblins (D:2)
  3 rats
47 creatures vanquished.

Notes
Turn   | Place    | Note
-------+----------+-------------------------------------------
     0 | D:1      | oldmanjim the Draconian Transmuter began the quest for the
                  | Orb.
     0 | D:1      | Reached XP level 1. HP: 16/16 MP: 3/3
   577 | D:1      | Reached XP level 2. HP: 24/24 MP: 5/5
  1501 | D:2      | Noticed Natasha
  1502 | D:2      | Noticed a crimson imp
  1526 | D:2      | Killed Natasha
  1527 | D:2      | Reached XP level 3. HP: 12/30 MP: 6/6
  1734 | D:2      | Noticed Natasha
  1751 | D:2      | Killed Natasha
  1752 | D:2      | Reached XP level 4. HP: 20/38 MP: 7/7
  1776 | D:2      | Noticed Natasha
  1787 | D:2      | Killed Natasha
  1990 | D:2      | Learned a level 3 spell: Spider Form
  2412 | D:2      | Reached skill level 4 in Unarmed Combat
  3034 | D:3      | Reached skill level 1 in Poison Magic
  3034 | D:3      | Reached XP level 5. HP: 45/45 MP: 6/8
  3241 | D:3      | Noticed a centaur
  3243 | D:3      | Found a sparkling altar of Nemelex Xobeh.
  3253 | D:3      | HP: 1/45 [centaur (4)]
  3253 | D:3      | Slain by a giant cockroach

Illustrated notes

Levels and vault maps discovered:
D:1:      dpeg_arrival_orchard, layout_loops_ring, chequers_mini_garden
D:2:      layout_basic, kennysheep_generic_room_7, uniq_natasha
D:3:      layout_basic, nemelex_xobeh_ov_fountains_minmay,
          nzn_hepliaklqana_mist_gate, minmay_lizard_king

Skill      XL: |  1  2  3  4 |
---------------+-------------+-----
Fighting       | 2 3 |  3.0
Transmutations | 3 |  3.4
Unarmed Combat | 4 |  4.0
Poison Magic   | 1 |  1.1
Dodging        | |  1.7
Spellcasting   | |  2.0

Action                   |  1- 3 |  4- 6 || total
-------------------------+-------+-------++-------
Melee: Unarmed           |    83 |    57 ||   140
       Tailslap          |     7 |     1 ||     8
       Kick              |     4 |     9 ||    13
       Headbutt          |     3 |     7 ||    10
Throw: Stone             |    27 |    26 ||    53
 Cast: Beastly Appendage |    14 |    18 ||    32
Armor: Skin              |    38 |    22 ||    60
Dodge: Dodged            |    50 |    41 ||    91
